 Dungeon Crawl Stone Soup version 0.31-a0-1098-g6898e6545c (webtiles) character file.

Game seed: 3493614903416116051

2032 Dirtsage the Mimic (level 9, 0/60 (62) HPs)
             Began as an Octopode Shapeshifter on Nov 30, 2023.
             Was an Initiate of Gozag.
             Slain by a sky beast (6 damage)
             ... on level 7 of the Dungeon.
             The game lasted 00:11:10 (5132 turns).

Dirtsage the Mimic (Octopode Shapeshifter)          Turns: 5132, Time: 00:11:11

HP:   0/60 (62)     AC:  1    Str: 13    XL:     9   Next: 23%
MP:   0/9           EV: 13    Int: 13    God:    Gozag
Gold: 387           SH:  0    Dex: 15    Spells: 8/8 levels left

rFire   . .          .
                       - Unarmed
rCold   . . .        (no shield)
rNeg    . . .        (helmet currently unavailable)
rPois   .            f - amulet of guardian spirit
rElec   .            (no ring)
rCorr   .            (no ring)
SInv    .            (no ring)
Will    .....        (no ring)
Stlth   ++           (no ring)
HPRegen 0.30/turn    (no ring)
MPRegen 0.11/turn    (no ring)
                     (no ring)

%: guardian spirit
@: beast-form, lightly drained
A: beast (slay +4), almost no armour, amphibious, 8 rings, camouflage 1,
gelatinous body 1, (nimble swimmer 1), tentacles
a: Begin Untransformation, Renounce Religion, Potion Petition, Call Merchant,
Bribe Branch


You were on level 7 of the Dungeon.
You worshipped Gozag.
Gozag was aware of your devotion.
You were a hulking beast.
You visited 2 branches of the dungeon, and saw 8 of its levels.

You collected 473 gold pieces.
You paid 86 gold pieces to Gozag.

Inventory:

Magical Staves
 g - a staff of earth
Jewellery
 f - an amulet of guardian spirit (around mantle)
 y - an amulet of the acrobat
Talismans
 b - a beast talisman
 c - a flux talisman
Wands
 w - a wand of polymorph (10)
Scrolls
 d - 2 scrolls of summoning {unknown}
 j - 2 scrolls of teleportation {unknown}
 l - 4 scrolls of identify {unknown}
 m - 2 scrolls of torment {unknown}
 n - 2 scrolls of enchant weapon {unknown}
 o - 2 scrolls of blinking {unknown}
 p - 2 scrolls of revelation {unknown}
 s - a scroll of poison {unknown}
 t - a scroll of enchant armour {unknown}
 u - a scroll of amnesia {unknown}
 v - a scroll of brand weapon {unknown}
 x - a scroll of immolation {unknown}
Potions
 a - 3 potions of might {unknown}
 e - 2 potions of heal wounds {unknown}
 h - a potion of magic {unknown}
 i - a potion of berserk rage {unknown}
 k - a potion of invisibility {unknown}
 q - a potion of curing
 r - a potion of brilliance {unknown}


   Skills:
 + Level 5.8 Fighting
 - Level 2.0 Dodging
 + Level 6.5 Unarmed Combat
 * Level 8.3 Shapeshifting


You had 8 spell levels left.
You didn't know any spells.
Your spell library contained the following spells:

 Spells                   Type           Power      Damage    Failure   Level
 Necrotise                Necr           0%         1d4       30%         1
 Inner Flame              Hex/Fire       0%         N/A       67%         3
 Vampiric Draining        Necr           0%         2d6       67%         3
 Agony                    Necr           0%         N/A       100%        5
 Yara's Violent Unravell  Hex/Tmut       0%         3d3       100%        5
 Enfeeble                 Hex            0%         N/A       100%        7


Dungeon Overview and Level Annotations

Branches:
Dungeon (7/15)             Temple (1/1) D:5

Altars:
Ashenzari
Cheibriados
Dithmenos
Elyvilon
Fedhas
Gozag
Hepliaklqana
Kikubaaqudgha
Makhleb
Nemelex Xobeh
Okawaru
Qazlal
Ru
Sif Muna
Trog
Uskayaw
Vehumet
Wu Jian
Xom
Yredelemnul
Zin

Annotations:
D:2 1 runed translucent door, Crazy Yiuf


Innate Abilities, Weirdness & Mutations

You are a hulking beast.
Your limbs bulge with bestial killing power. (Slay +4)
You cannot wear most types of armour.
You are amphibious.
You can wear up to eight rings at the same time.
Your skin changes colour to match your surroundings (Stealth+).
Your rubbery body absorbs attacks. (AC +1, EV +1)
((You are camouflaged when in or above water. (Stealth+)))
You have tentacles for arms and can constrict up to eight enemies at once.


Message History

Things that are here:
7 gold pieces; a +0 short sword You barely miss the orc.
The orc is no longer distracted by gold.
Your grab misses the orc. You squeeze the orc.
You kill the orc!
You now have 387 gold pieces (gained 5).
You see here a +0 short sword.
A sky beast comes into view.
The sky beast hits you. The sky beast shocks you.
You take 8 damage, and have 36/60 hp.
You now have 7/9 mp.
You bludgeon the sky beast! You squeeze the sky beast!
The sky beast is severely wounded.
The sky beast barely misses you.
You completely miss the sky beast.
The sky beast is severely wounded.
The sky beast flickers out of sight!
Deactivating autopickup; reactivate with Ctrl-A.
Something hits you. Something shocks you.
You take 6 damage, and have 31/60 hp.
You now have 6/9 mp.
You miss something.
There is a strange disturbance nearby!
You tentacle-slap something. Your squeeze misses something. Something hits you.
Something shocks you.
You take 5 damage, and have 26/60 hp.
You now have 4/9 mp.
You tentacle-slap something. Something hits you. Something shocks you.
You take 4 damage, and have 22/60 hp.
You now have 2/9 mp.
You tentacle-slap something. Something hits you. Something shocks you.
* * * LOW HITPOINT WARNING * * *
You take 8 damage, and have 14/60 hp.
You now have 1/9 mp.
You miss something. Something hits you.
* * * LOW HITPOINT WARNING * * *
Something shocks you.
* * * LOW HITPOINT WARNING * * *
You take 7 damage, and have 7/60 hp.
You now have 0/9 mp.
You closely miss something. Your squeeze misses something. Something hits you.
* * * LOW HITPOINT WARNING * * *
Something shocks you.
You die...
Your body crumbles into a pile of gold.

#.....#..#.#.####
#.#######.#.# #
#.......###
#.#########
#.......$.#
#########$#
...#)# #.#.#
#h..# #{.## ....#
#..#.## #..#.# #.
..# ###+#. #


There were no monsters in sight!

Vanquished Creatures
  Pikel (D:4)
  Sigmund (D:2)
  A steam dragon (D:5)
  An ice beast (D:5)
  A black bear (D:6)
  An ogre (D:6)
  A centaur (D:5)
  2 lemures (D:4)
  A scorpion (D:5)
  3 wights (D:6)
  3 killer bees (D:7)
  4 hounds
  2 orc priests
  An iguana (D:5)
  Natasha (thrice) (D:4)
  An orc wizard (D:5)
  10 gnolls
  8 adders
  2 worms
  6 dart slugs
  7 orcs
  4 endoplasms
  7 giant cockroaches
  4 goblins
  7 hobgoblins
  2 jackals (D:3)
  5 kobolds
  7 quokkas
  9 ball pythons
  8 bats
  4 frilled lizards
  8 rats
125 creatures vanquished.

Vanquished Creatures (others)
  An orc (D:3)
1 creature vanquished.

Grand Total: 126 creatures vanquished

Notes
Turn   | Place    | Note
-------+----------+-------------------------------------------
     0 | D:1      | Dirtsage the Octopode Shapeshifter began the quest for the
                  | Orb.
     0 | D:1      | Reached XP level 1. HP: 13/13 MP: 1/1
    80 | D:1      | Reached XP level 2. HP: 18/18 MP: 2/2
   251 | D:1      | Reached XP level 3. HP: 23/23 MP: 3/3
   906 | D:2      | Reached XP level 4. HP: 28/29 MP: 1/4
  1073 | D:2      | Noticed Sigmund
  1092 | D:2      | Killed Sigmund
  1093 | D:2      | Reached skill level 4 in Shapeshifting
  1093 | D:2      | Reached XP level 5. HP: 7/36 MP: 0/5
  1093 | D:2      | Reached XP level 6. HP: 8/41 MP: 0/6
  1247 | D:2      | Found a runed translucent door.
  1248 | D:2      | Noticed Crazy Yiuf
  1278 | D:2      | Found a faded altar of an unknown god.
  1388 | D:2      | Found a white marble altar of Elyvilon.
  1749 | D:2      | Reached skill level 5 in Shapeshifting
  2020 | D:3      | Found a radiant altar of Vehumet.
  2464 | D:4      | Noticed Pikel
  2615 | D:4      | Killed Pikel
  2616 | D:4      | Reached skill level 5 in Unarmed Combat
  2616 | D:4      | Reached skill level 6 in Shapeshifting
  2616 | D:4      | Reached XP level 7. HP: 47/48 MP: 5/7
  2704 | D:4      | Noticed Natasha
  2713 | D:4      | Killed Natasha
  2714 | D:4      | Reached XP level 8. HP: 40/54 MP: 5/8
  2842 | D:4      | Noticed Natasha
  2845 | D:4      | Killed Natasha
  3294 | D:5      | Entered Level 5 of the Dungeon
  3294 | D:5      | Found a staircase to the Ecumenical Temple.
  3315 | Temple   | Entered the Ecumenical Temple
  3372 | Temple   | Became a worshipper of Gozag Ym Sagoz the Greedy
  3516 | D:4      | Noticed Natasha
  3519 | D:4      | Killed Natasha
  3701 | D:5      | Reached skill level 7 in Shapeshifting
  3917 | D:5      | Reached skill level 5 in Fighting
  4438 | D:6      | Reached XP level 9. HP: 40/61 MP: 5/9
  4557 | D:6      | Reached skill level 8 in Shapeshifting
  5132 | D:7      | Slain by a sky beast

Illustrated notes

Levels and vault maps discovered:
D:1:      dpeg_arrival_snail, layout_basic, chequers_big_river
D:2:      layout_basic, hellmonk_ecumenical_altar_zigzags, basic_altar,
          uniq_sigmund, uniq_crazy_yiuf_cottage
D:3:      layout_rooms, fiery_altar_vehumet
D:4:      layout_basic, kennysheep_generic_room_16, uniq_natasha, uniq_pikel
D:5:      layout_cave_pools, minmay_temple_entry_sparse_star
D:6:      layout_basic
D:7:      layout_basic, minmay_misc_feat_encased, minmay_misc_feat_room
Temple:   mainiacjoe_temple_cubbyholes

Skill      XL: |  1  2  3  4  5  6  7  8  9 |
---------------+----------------------------+-----
Fighting       | 2 4 5 |  5.8
Unarmed Combat | 4 5 6 |  6.5
Shapeshifting  | 4 6 7 8 |  8.3
Dodging        | |  2.0

Action                     |  1- 3 |  4- 6 |  7- 9 || total
---------------------------+-------+-------+-------++-------
  Melee: Unarmed           |    56 |   128 |   113 ||   297
         Constrict         |    16 |    35 |    25 ||    76
         Tentacles         |    12 |    26 |    29 ||    67
         Punch             |     1 |     3 |     3 ||     7
    Use: Potion            |       |     1 |     1 ||     2
   Stab: Sleeping          |     5 |     5 |     5 ||    15
 Armour: Skin              |    21 |    62 |    70 ||   153
  Dodge: Dodged            |    30 |    60 |    59 ||   149

Table legend: (Time is in decaauts)
 A = Elapsed time spent in this place.
 B = Non-inter-level travel time spent in this place.
 C = Inter-level travel time spent in this place.
 D = Time resting spent in this place.
 E = Time spent auto-exploring this place.
 F = Levels seen in this place.
 G = Mean time per level.
                   A        B        C        D        E       F      G
               +--------+--------+--------+--------+--------+-----+--------+
         Total |   5104 |   4879 |    225 |    315 |   3667 |   8 |  638.0 |
       Dungeon |   4991 |   4876 |    115 |    315 |   3667 |   7 |  713.0 |
        Temple |    112 |      2 |    110 |      0 |      0 |   1 |  112.0 |
               +--------+--------+--------+--------+--------+-----+--------+

Top non-repeatable levels by time:
     D:2: 1134 daAuts
     D:4: 955 daAuts
     D:1: 775 daAuts
     D:5: 747 daAuts
     D:6: 497 daAuts
     D:3: 494 daAuts
     D:7: 386 daAuts
  Temple: 112 daAuts
